 Dungeon Crawl Stone Soup version 0.28-a0-1412-gf95308ed99 (webtiles) character file.

Game seed: 6847377807661715138

49 croobank the Skirmisher (level 3, -1/29 HPs)
             Began as a Demonspawn Abyssal Knight on Jan 6, 2022.
             Was a Follower of Lugonu.
             Slain by Ijyb (7 damage)
             ... on level 3 of the Dungeon.
             The game lasted 00:10:02 (2406 turns).

croobank the Skirmisher (Demonspawn Abyssal Knight) Turns: 2406, Time: 00:10:03

Health: -1/29      AC:  0    Str: 15    XL:     3   Next: 51%
Magic:  5/5        EV: 11    Int: 11    God:    Lugonu [*.....]
Gold:   65         SH:  0    Dex: 13    Spells: 2/2 levels left

rFire   . . .      SeeInvis .   a - +1 hand axe
rCold   . . .      Faith    .   (no shield)
rNeg    . . .      Spirit   .   s - +0 leather armour
rPois   .          Reflect  .   (no helmet)
rElec   .          Harm     .   (no cloak)
rCorr   .          Rampage  .   (no gloves)
Will    .....                   (no boots)
Stlth   +.........              (no amulet)
HPRegen 0.09/turn               (no ring)
MPRegen 0.09/turn               (no ring)

@: corroded
A: powered by death 1
a: Renounce Religion, Depart the Abyss


You were on level 3 of the Dungeon.
You worshipped Lugonu.
Lugonu was aware of your devotion.
You visited 1 branch of the dungeon, and saw 3 of its levels.
You visited the Abyss 1 time.

You collected 65 gold pieces.

Inventory:

Hand Weapons
 a - a +1 hand axe (weapon)
 b - a +0 hunting sling
 p - a +2 dagger of speed
Missiles
 g - 88 stones
 h - 8 javelins (quivered)
 i - 25 arrows
 l - 14 sling bullets
Armour
 s - a +0 leather armour (worn)
Jewellery
 c - a ring of fire
Wands
 q - a wand of acid (8)
 r - a wand of iceblast (8)
Scrolls
 e - a scroll of immolation {unknown}
 j - 2 scrolls of identify
 m - a scroll of teleportation {unknown}
 o - a scroll of amnesia {unknown}
Potions
 d - a potion of curing
 f - a potion of brilliance
 k - a potion of ambrosia {unknown}
 n - a potion of mutation {unknown}


   Skills:
 - Level 3.3 Fighting
 - Level 2.2 Axes
 + Level 0.2 Slings
 - Level 2.2 Armour
 - Level 1.5 Dodging
 - Level 3.1 Invocations


You had 2 spell levels left.
You didn't know any spells.
Your spell library was empty.

Dungeon Overview and Level Annotations

Branches:
Dungeon (3/15)

Altars:

Annotations:
D:3 Ijyb


Innate Abilities, Weirdness & Mutations

You regenerate a little health from kills.


Message History

Aim: a goblin, wielding a +0 dagger (50% to hit)
You shoot a sling bullet.
The sling bullet closely misses the goblin.
Unknown command.
Fire: 15 sling bullets
Press: ? - help, Q - select action, (/) - cycle Shift-Dir - straight line, f/p - goblin
Aim: a goblin, wielding a +0 dagger (50% to hit)
You shoot a sling bullet. The sling bullet hits the goblin.
The goblin is heavily wounded.
Unknown command.
a - a +1 hand axe (weapon)
You closely miss the goblin. The goblin barely misses you.
You barely miss the goblin. The goblin hits you but does no damage.
You closely miss the goblin. The goblin hits you with a +0 dagger.
The goblin hits you but does no damage.
You hit the goblin. Your punch misses the goblin.
The goblin is heavily wounded.
The goblin hits you with a +0 dagger.
You hit the goblin.
You kill the goblin!
Lugonu accepts your kill. The goblin hits you with a +0 dagger.
You closely miss the goblin.
The goblin is heavily wounded.
You closely miss Ijyb. Ijyb hits you with a +0 dagger.
You barely miss Ijyb. Ijyb hits you with a +0 dagger.
You hit Ijyb.
Ijyb is lightly wounded.
Ijyb zaps a wand.
The bolt of acid hits you!
* * * LOW HITPOINT WARNING * * *
The acid corrodes you!
You hit Ijyb but do no damage.
Ijyb is lightly wounded.
Ijyb barely misses you.
You hit Ijyb but do no damage.
Ijyb is lightly wounded.
Ijyb hits you with a +0 dagger.
* * * LOW HITPOINT WARNING * * *
Ijyb hits you with a +0 dagger!
You die...

....(g... #..g.g...
#...g.... #g.8g8.8.
.######g### ###
..........# #.#####
........#.## #.#...##
#.#######...###......#
#....@ggg..#.##.......
#######g##...........#
#.###.###.##...## #.
#........<## #.
#####.##### ## #.##
#.# .


You could see Ijyb and 3 goblins.

Vanquished Creatures
  6 bats
  5 endoplasms
  A giant cockroach (D:2)
  7 goblins
  3 hobgoblins (D:1)
  2 jackals (D:1)
  3 quokkas
  3 ball pythons
  A frilled lizard (D:1)
  8 kobolds
  2 rats
41 creatures vanquished.

Notes
Turn   | Place    | Note
-------+----------+-------------------------------------------
     0 | Abyss:1  | croobank the Demonspawn Abyssal Knight began the quest for
                  | the Orb.
     0 | Abyss:1  | Reached XP level 1. HP: 18/18 MP: 2/2
    24 | Abyss:1  | Noticed a jelly
    28 | D:1      | Escaped the Abyss
   349 | D:1      | Reached skill level 1 in Dodging
   349 | D:1      | Reached * piety under Lugonu
   512 | D:1      | Found a faded altar of an unknown god.
   556 | D:1      | Gained mutation: You regenerate a little health from kills.
                  | [demonic ancestry]
   556 | D:1      | Reached XP level 2. HP: 14/24 MP: 4/4
  1574 | D:2      | Reached XP level 3. HP: 29/29 MP: 5/5
  2385 | D:3      | Noticed Ijyb
  2406 | D:3      | Slain by Ijyb

Illustrated notes

Levels and vault maps discovered:
D:1:      minmay_arrival_up_and_down, layout_basic,
          hellmonk_ecumenical_altar_zigzags
D:2:      layout_loops_ring
D:3:      kennysheep_the_goblin_king, layout_loops_ring

Skill      XL: |  1  2 |
---------------+-------+-----
Dodging        | 1 |  1.5
Axes           | 2 |  2.2
Armour         | 2 |  2.2
Invocations    | 3 |  3.1
Fighting       | |  3.3
Slings         | |  0.2

Action                   || total
-------------------------++-------
Melee: Hand axe          ||   159
       Punch             ||     1
 Fire: Hunting sling     ||     4
Throw: Javelin           ||     2
Invok: Depart the Abyss  ||     1
  Use: Scroll            ||     2
 Stab: Sleeping          ||     1
Armor: Leather armour    ||    46
Dodge: Dodged            ||   108

Table legend: (Time is in decaauts)
 A = Elapsed time spent in this place.
 B = Non-inter-level travel time spent in this place.
 C = Inter-level travel time spent in this place.
 D = Time resting spent in this place.
 E = Time spent auto-exploring this place.
 F = Levels seen in this place.
 G = Mean time per level.
                   A        B        C        D        E       F      G
               +--------+--------+--------+--------+--------+-----+--------+
         Total |   2437 |   2347 |     90 |    346 |   1478 |   4 |  609.2 |
       Dungeon |   2408 |   2318 |     90 |    346 |   1476 |   3 |  802.7 |
         Abyss |     28 |     28 |      0 |      0 |      2 |   1 |   28.0 |
               +--------+--------+--------+--------+--------+-----+--------+

Top non-repeatable levels by time:
     D:1: 1553 daAuts
     D:2: 808 daAuts
     D:3: 46 daAuts
 Abyss:1: 28 daAuts
